 Dungeon Crawl Stone Soup version 0.19.1 (webtiles) character file.

212269 dvd the Fencer (level 18, -8/135 HPs)
             Began as a High Elf Hunter on Dec 11, 2016.
             Was a High Priest of Okawaru.
             Mangled by an eight-headed hydra (12 damage)
             ... called by a spriggan druid
             ... on level 2 of the Swamp on Dec 12, 2016.
             The game lasted 03:21:26 (45342 turns).

dvd the Fencer (High Elf Hunter)                   Turns: 45342, Time: 03:21:27

Health: -8/135     AC: 29    Str: 16    XL:     18   Next: 23%
Magic:  24/24      EV: 13    Int: 16    God:    Okawaru [*****.]
Gold:   2567       SH:  0    Dex: 18    Spells: 2 memorised, 16 levels left

rFire  + . .     SeeInvis +     b - +10 long sword "Omydwiu" {speed, rElec rN+ Stlth+}
rCold  + . .     Gourm    .     U - +4 chain mail {rF+}
rNeg   + . .     Faith    .     (no shield)
rPois  +         Spirit   .     j - +2 hat {MR+}
rElec  +         Reflect  .     c - +2 cloak "Kody" {rC+}
rCorr  .         Harm     .     D - +2 pair of gloves
MR     +++..                    M - +2 pair of boots
Stlth  ++........               i - amulet of regeneration
                                r - ring of poison resistance
                                u - ring of protection from magic

@: about to teleport
A: talons 1, see invisible, clumsy 1, sense surroundings 1, shaggy fur 1
a: Heroism, Finesse, Renounce Religion
}: 1/15 runes: serpentine


You were on level 2 of the Swamp.
You worshipped Okawaru.
Okawaru was extremely pleased with you.
You were very hungry.

You visited 6 branches of the dungeon, and saw 31 of its levels.
You also visited: Labyrinth, Ice Cave and Volcano.

You collected 3474 gold pieces.
You spent 907 gold pieces at shops.

Inventory:

Hand Weapons
 a - a +0 shortbow of flaming
 b - the +10 long sword "Omydwiu" (weapon) {speed, rElec rN+ Stlth+}
   (You bought it in a shop on level 11 of the Dungeon)

   Attacks with this weapon are significantly faster.
   It insulates you from electricity.
   It protects you from negative energy.
   It makes you more stealthy.
 m - a +0 shortbow of velocity
 C - a +9 rapier of piercing
 G - a +3 shortbow
Missiles
 x - 33 tomahawks (quivered)
 y - 1231 arrows
Armour
 c - the +2 cloak "Kody" (worn) {rC+}
   (You bought it in a shop on level 11 of the Dungeon)

   It protects you from cold.
 j - a +2 hat of magic resistance (worn)
 w - a +2 cloak of poison resistance
 D - a +2 pair of gloves (worn)
 L - a +0 shield of reflection
 M - a +2 pair of boots (worn)
 P - the +5 ring mail "Luudafirch" {rC+ Stlth+}
   (You found it on level 1 of the Lair of Beasts)

   It protects you from cold.
   It makes you more stealthy.
 U - a +4 chain mail of fire resistance (worn)
 X - a +3 buckler of poison resistance
Rods
 H - a +1 rod of shadows (11/11)
   (You found it on level 5 of the Dungeon)
Jewellery
 i - an amulet of regeneration (around neck)
 r - a ring of poison resistance (right hand)
 u - a ring of protection from magic (left hand)
 F - an uncursed ring of resist corrosion
 K - a +3 ring of strength
Wands
 d - a wand of iceblast (3/15)
 h - a wand of flame (22/48)
 k - a wand of teleportation (3/9)
 n - a wand of disintegration (13/24)
 q - a wand of lightning (7/15)
 v - a wand of lightning (9/15)
 z - a wand of digging (9/24)
 J - a wand of lightning (5/15)
 Z - a wand of iceblast (6/15)
Scrolls
 l - 6 scrolls of teleportation
 p - 12 scrolls of identify
 s - 7 scrolls of remove curse
 B - 3 scrolls of recharging
 Q - 3 scrolls of amnesia
 S - a scroll of summoning
 V - a scroll of magic mapping
 W - a scroll of silence
Potions
 e - 6 potions of curing
 o - a potion of haste
 A - 2 potions of brilliance
 I - a potion of berserk rage
 N - 2 potions of cure mutation
 O - 5 potions of agility
 R - a potion of cancellation
 Y - 5 potions of might
Books
 T - a book of Clouds

   Spells                             Type                      Level
   a - Mephitic Cloud                 Conjuration/Poison/Air       3
   b - Conjure Flame                  Conjuration/Fire             3
   c - Poisonous Cloud                Conjuration/Poison/Air       6
   d - Freezing Cloud                 Conjuration/Ice/Air          6
   e - Ring of Flames                 Charms/Fire                  7
Comestibles
 f - 20 bread rations
 g - 63 fruits
 t - 15 meat rations
 E - 9 royal jellies


   Skills:
 + Level 15.6 Fighting
 + Level 12.0(15.6) Short Blades
 + Level 16.3(17.6) Long Blades
 + Level 16.1 Bows
 + Level 3.3 Throwing
 + Level 11.4 Armour
 + Level 10.7 Dodging
 + Level 8.3 Stealth
 + Level 6.5 Shields
 + Level 3.7 Spellcasting
 + Level 2.8 Hexes
 + Level 2.2 Charms
 + Level 3.3 Ice Magic
 + Level 2.2 Air Magic
 + Level 5.3 Invocations
 + Level 1.8 Evocations


You had 16 spell levels left.
You knew the following spells:

 Your Spells              Type           Power        Failure   Level  Hunger
a - Ensorcelled Hibernat  Hex/Ice        ##....       75%         2    ##.....
b - Deflect Missiles      Chrm/Air       ##........   100%        6    #######


Dungeon Overview and Level Annotations

Branches:
Dungeon (15/15)            Temple (1/1) D:6            Lair (6/6) D:9
  Swamp (3/4) Lair:4        Snake (4/4) Lair:2        Slime (0/5) Lair:5
    Orc (2/2) D:10            Elf (0/3) Orc:2        Vaults (0/5) D:14
 Depths (0/5) D:15

Altars:
Ashenzari
Cheibriados
Dithmenos
Elyvilon
Fedhas
Gozag
Hepliaklqana
Kikubaaqudgha
Makhleb
Nemelex Xobeh
Okawaru
Qazlal
Ru
Sif Muna
Trog
Uskayaw
Vehumet
Xom
Yredelemnul
Zin
The Shining One
Beogh
Jiyva

Shops:
D:4 !   D:8 =   D:11 *[(**   Orc:2 %[[(:


Innate Abilities, Weirdness & Mutations

You have sharp toenails.
You have supernaturally acute eyesight. (SInv)
You are clumsy. (Dex -2)
You passively map a small area around you.
You are covered in fur. (AC +1)


Message History

* * * LOW HITPOINT WARNING * * *
The eight-headed hydra closely misses you.
The eight-headed hydra bites you but does no damage.
The eight-headed hydra misses you.
The eight-headed hydra closely misses you.
The eight-headed hydra barely misses you.
The eight-headed hydra bites you but does no damage.
The eight-headed hydra barely misses you.
Okay, then.
Unknown command.
You feel better.
The alligator bites you but does no damage.
The alligator completely misses you. The eight-headed hydra misses you.
You riposte.
You slash the eight-headed hydra!
The eight-headed hydra is moderately wounded.
The eight-headed hydra bites you!
* * * LOW HITPOINT WARNING * * *
The eight-headed hydra bites you but does no damage.
The eight-headed hydra bites you!
You die...

.≈.....♣≈≈.♣ ♣♣♣♣♣♣)≈.♣♣
.♣♣.....≈§.♣♣♣♣♣♣♣ ♣≈....♣
♣♣♣.≈..≈..≈♣♣§...♣ ♣≈.≈.♣♣
≈♣♣......♣♣♣≈.≈≈≈♣♣♣♣≈..♣
♣♣♣♣≈♣♣♣♣♣♣...≈≈≈.♣♣.♣≈.♣♣
♣≈.♣♣♣ ♣..≈≈≈≈≈.≈♣≈≈...♣ ♣
♣≈.≈.♣♣♣≈≈≈≈≈≈≈.♣≈≈≈§≈.♣
♣♣♣♣.≈≈.≈.♣≈≈≈≈>D≈♣♣...≈.♣
.♣♣....≈♣♣..≈≈≈t@♣♣♣♣≈♣♣♣♣
.♣..≈§.♣♣≈..≈≈≈..≈♣♣♣≈♣
≈.♣≈≈..♣♣.≈≈≈≈≈.≈..♣♣♣♣♣♣
.≈♣...♣♣♣.≈≈≈≈≈....♣♣≈♣≈♣
≈♣♣♣♣♣♣ ♣♣...≈≈≈≈..♣≈...♣♣
♣♣ ♣♣.♣♣..≈≈≈♣≈≈.≈§≈≈♣ ♣
♣♣♣♣≈.♣♣≈≈≈..♣.♣..≈≈.♣
♣.♣≈♣♣♣≈≈≈≈.♣♣♣♣..≈≈.♣ ♣♣
♣♣=≈.♣<..≈≈.≈♣♣≈......♣


You could see an alligator and an eight-headed hydra.

Vanquished Creatures
  Vashnia (Snake:3)
  Gastronok (D:9)
  Donald (Swamp:1)
  6 nagarajas
  A very ugly thing (Swamp:2)
  A reaper (IceCv)
  Josephine (Orc:1)
  A minotaur (Lab)
  16 naga warriors
  3 vault guards (D:14)
  A ghost crab (Swamp:2)
  6 hydras
  A catoblepas (Lair:6)
  4 centaur warriors
  8 anacondas
  The ghost of bgiannan the Cleaver, a journeyman GrFi of Okawaru (Lair:1)
  A hell hog (Volcano)
  A queen ant (Lair:3)
  12 shock serpents
  4 orc high priests
  3 tengu warriors
  5 alligators
  22 naga sharpshooters
  Sonja (Orc:2)
  17 spriggans
  A fire crab (Volcano)
  5 salamander mystics
  2 skeletal warriors (D:13)
  The ghost of markt42 the Thaumaturge, a novice DECj of Sif Muna (D:9)
  2 unseen horrors
  3 swamp dragons
  A spriggan druid (Swamp:3)
  8 naga ritualists
  5 hill giants
  4 orc knights
  Pikel (D:7)
  9 mana vipers
  4 ugly things
  A cyclops (D:15)
  2 oklob plants
  5 orc sorcerers
  7 elephants
  12 salamanders
  Maurice (D:8)
  29 black mambas
  2 ice statues (IceCv)
  5 guardian serpents
  23 naga magi
  Psyche (D:11)
  13 spiny frogs
  3 gargoyles
  A kobold demonologist (D:13)
  8 komodo dragons
  An efreet (D:14)
  8 ice devils (IceCv)
  2 yaktaurs
  3 tengu conjurers
  3 tyrant leeches
  A merfolk (D:14)
  5 polar bears
  8 hornets
  3 meliai (D:12)
  4 trolls
  7 slime creatures (Swamp:1)
  A two-headed ogre (D:13)
  6 bog bodies
  15 blink frogs
  14 hippogriffs
  2 redbacks (Lair:6)
  4 wyverns
  5 shadows
  5 wraiths
  39 yaks
  5 fire bats (Volcano)
  4 basilisks
  3 steam dragons
  8 vampire mosquitoes
  6 hungry ghosts
  13 swamp worms
  50 nagas
  2 mottled dragons
  5 soldier ants (Lair:3)
  4 wargs
  2 insubstantial wisps (Swamp:2)
  15 water moccasins
  2 hell hounds (Volcano)
  10 porcupines
  31 orc warriors
  4 swamp drakes
  2 phantoms
  13 ice beasts
  3 sky beasts
  4 black bears (Lair:6)
  A hornet zombie (D:10)
  8 ogres
  2 necrophages
  3 boggarts (Lair:6)
  19 wolves
  22 centaurs
  13 crocodiles
  25 bullfrogs
  A wyvern skeleton (D:11)
  6 scorpions
  33 killer bees
  9 wights
  2 howler monkeys
  An electric eel (Lair:4)
  A quasit (D:13)
  4 crimson imps
  4 centaur zombies
  6 jellies
  6 centaur skeletons
  25 orc priests
  A bullfrog skeleton (D:12)
  6 hounds
  36 orc wizards
  3 iguanas
  Natasha (D:3)
  13 hell rats
  14 worker ants
  A hound skeleton (D:6)
  A hound zombie (D:7)
  A howler monkey zombie (D:5)
  9 gnolls
  18 adders
  A howler monkey skeleton (D:10)
  13 river rats (Lair:1)
  2 shadow imps
  7 white imps (IceCv)
  8 ufetubi (IceCv)
  4 adder skeletons
  2 worms (D:2)
  A dart slug (D:1)
  6 leopard geckos
  107 orcs
  5 bats
  4 giant cockroaches
  6 goblins
  11 hobgoblins
  11 jackals
  6 kobolds
  8 quokkas
  3 ball pythons
  2 frilled lizards
  A jackal skeleton (D:5)
  A jackal zombie (D:8)
  2 quokka skeletons
  21 rats
  A bush (Lair:5)
  A butterfly (Lair:4)
  2 fungi
  4 plants
1135 creatures vanquished.

Vanquished Creatures (collateral kills)
  A hippogriff (D:13)
  A hell rat (Lair:3)
2 creatures vanquished.

Vanquished Creatures (others)
  The ghost of TotoDurand the Basher, a journeyman GrFi of the Shining One (Orc:2)
  A slime creature (D:12)
  A naga warrior (Snake:2)
  An anaconda (Snake:2)
  2 naga sharpshooters (Snake:1)
  A skeletal warrior (D:13)
  An unseen horror (D:15)
  A naga ritualist (Snake:2)
  An orc knight (Orc:2)
  A mana viper (Snake:2)
  3 salamanders (Snake:1)
  3 ugly things
  2 naga magi
  A troll (Orc:2)
  A vampire mosquito (D:12)
  3 insubstantial wisps (Swamp:2)
  A naga (Snake:1)
  A swamp drake (Swamp:2)
  2 orc warriors
  A sky beast (D:12)
  3 centaurs
  A bullfrog (D:13)
  7 killer bees
  An orc priest (Orc:2)
  A gnoll shaman (Orc:2)
  A jelly (D:7)
  A gnoll (Orc:2)
  A white imp (IceCv)
  5 ufetubi (IceCv)
  An orc (Orc:2)
  13 fungi
  22 plants
86 creatures vanquished.

Grand Total: 1223 creatures vanquished

Notes
Turn   | Place    | Note
-------+----------+-------------------------------------------
     0 | D:1      | dvd the High Elf Hunter began the quest for the Orb.
     0 | D:1      | Reached XP level 1. HP: 14/14 MP: 2/2
   221 | D:1      | Reached XP level 2. HP: 19/19 MP: 3/3
   694 | D:2      | Reached XP level 3. HP: 24/24 MP: 4/4
   965 | D:2      | Reached skill level 1 in Short Blades
  1000 | D:2      | Reached XP level 4. HP: 30/30 MP: 5/5
  1608 | D:2      | HP: 1/30 [gnoll/halberd (6)]
  1619 | D:2      | HP: 1/30 [gnoll/halberd (1)]
  2000 | D:2      | Found a glowing silver altar of Zin.
  2278 | D:3      | Found a faded altar of an unknown god.
  2607 | D:3      | Reached XP level 5. HP: 36/36 MP: 6/6
  2615 | D:3      | Reached skill level 1 in Armour
  3238 | D:3      | Noticed Natasha
  3270 | D:3      | Killed Natasha
  3973 | D:4      | Reached XP level 6. HP: 35/42 MP: 7/7
  4422 | D:4      | Found Coosych's Distillery.
  4766 | D:5      | Entered Level 5 of the Dungeon
  4830 | D:5      | Noticed a sky beast
  4850 | D:5      | Killed a sky beast
  5144 | D:5      | Reached XP level 7. HP: 29/47 MP: 8/8
  5359 | D:5      | Found a hide-covered altar of Uskayaw.
  5361 | D:5      | Noticed a hand axe
  5361 | D:5      | Noticed a hand axe
  5507 | D:5      | Identified a +0 rod of shadows (9/9) (You found it on level 5 of the Dungeon)
  5726 | D:5      | Reached skill level 1 in Long Blades
  6165 | D:6      | Reached XP level 8. HP: 36/54 MP: 9/9
  6367 | D:6      | Found a bloodstained altar of Trog.
  6877 | D:6      | Found a staircase to the Ecumenical Temple.
  6881 | D:6      | Found a shimmering altar of Xom.
  6884 | Temple   | Entered the Ecumenical Temple
  6893 | Temple   | Became a worshipper of Warmaster Okawaru
  7199 | D:6      | Gained mutation: You are covered in fur. (AC +1) [potion of beneficial mutation]
  7208 | D:6      | Gained mutation: You passively map a small area around you. [potion of beneficial mutation]
  7502 | D:7      | Noticed Pikel
  7561 | D:7      | Killed Pikel
  7561 | D:7      | Reached * piety under Okawaru
  7561 | D:7      | Reached skill level 5 in Fighting
  7561 | D:7      | Reached skill level 10 in Bows
  7561 | D:7      | Reached XP level 9. HP: 50/61 MP: 10/10
  7944 | D:7      | Reached skill level 5 in Long Blades
  8656 | D:8      | Noticed Maurice
  8656 | D:8      | Reached ** piety under Okawaru
  8700 | D:8      | Killed Maurice
  8875 | D:8      | Learned a level 2 spell: Ensorcelled Hibernation
  9023 | D:8      | Found Xeefaytt's Jewellery Emporium.
  9208 | D:8      | Reached *** piety under Okawaru
  9297 | D:8      | Reached XP level 10. HP: 51/69 MP: 11/11
  9655 | D:9      | Noticed Gastronok
  9684 | D:9      | Reached skill level 1 in Ice Magic
 10154 | D:9      | Reached skill level 5 in Dodging
 10246 | D:9      | Killed Gastronok
 10246 | D:9      | Reached **** piety under Okawaru
 10246 | D:9      | Received a gift from Okawaru
 10246 | D:9      | Reached skill level 1 in Invocations
 10574 | D:9      | Noticed a hill giant
 10604 | D:9      | Killed a hill giant
 10691 | D:9      | Noticed markt42's ghost (novice DECj)
 10701 | D:9      | Killed markt42's ghost
 10701 | D:9      | Received a gift from Okawaru
 10739 | D:9      | Received a gift from Okawaru
 11064 | D:9      | Found a staircase to the Lair.
 11107 | D:9      | Reached skill level 1 in Spellcasting
 11107 | D:9      | Reached XP level 11. HP: 77/77 MP: 10/13
 11172 | D:10     | Entered Level 10 of the Dungeon
 11223 | D:10     | Got a heavily runed chain mail
 11240 | D:10     | Identified the +2 chain mail "Lygrenk" {Str+4} (You found it on level 10 of the Dungeon)
 11308 | D:10     | Received a gift from Okawaru
 11308 | D:10     | Reached skill level 5 in Armour
 11406 | D:10     | Found a staircase to the Orcish Mines.
 11755 | D:10     | Learned a level 6 spell: Deflect Missiles
 11866 | D:10     | Noticed a hill giant
 11882 | D:10     | Killed a hill giant
 12307 | D:11     | Found Obityruy's General Store.
 12392 | D:11     | Killed an unseen horror
 12471 | D:11     | You fall through a shaft for 3 floors!
 12471 | D:14     | Noticed a hill giant
 12489 | D:14     | Killed a hill giant
 12489 | D:14     | Received a gift from Okawaru
 12523 | D:13     | Noticed an unseen horror
 12524 | D:13     | Noticed a tengu warrior
 12541 | D:13     | Killed an unseen horror
 12565 | D:13     | Killed a tengu warrior
 12715 | D:13     | Reached ***** piety under Okawaru
 12857 | D:12     | Found a labyrinth entrance.
 12876 | D:12     | Reached skill level 10 in Long Blades
 12978 | D:12     | Received a gift from Okawaru
 13026 | Lab      | Entered a labyrinth
 14357 | Lab      | Noticed a minotaur
 14370 | Lab      | Killed a minotaur
 14383 | Lab      | Identified Ynooriv's Disquisition on Dusty Cold
 14563 | D:11     | Noticed Psyche
 14642 | D:11     | Found Qock's General Store.
 14698 | D:11     | Found Dukk's Armour Shoppe.
 14706 | D:11     | Bought a +1 cloak of poison resistance for 148 gold pieces
 14720 | D:11     | Found Xupo's Antique Weapon Shoppe.
 14735 | D:11     | Bought a scorched long sword for 229 gold pieces
 14735 | D:11     | Identified the +10 long sword "Omydwiu" {speed, rElec rN+ Stlth+} (You bought it in a shop on level 11 of the Dungeon)
 14815 | D:11     | Killed Psyche
 14815 | D:11     | Received a gift from Okawaru
 14815 | D:11     | Reached XP level 12. HP: 70/85 MP: 11/14
 14816 | D:11     | Found Hecemosuss's Assorted Antiques.
 15472 | Lair:1   | Entered Level 1 of the Lair of Beasts
 15527 | Lair:1   | Received a gift from Okawaru
 15536 | Lair:1   | Noticed bgiannan's ghost (journeyman GrFi)
 15644 | Lair:1   | Killed bgiannan's ghost
 15644 | Lair:1   | Received a gift from Okawaru
 15719 | Lair:1   | Got an ancient ring mail
 15730 | Lair:1   | Identified the +5 ring mail "Luudafirch" {rC+ Stlth+} (You found it on level 1 of the Lair of Beasts)
 15812 | Lair:1   | Received a gift from Okawaru
 15866 | Lair:1   | Found a dark tunnel.
 15870 | Volcano  | Entered a volcano
 15884 | Volcano  | Noticed a hell hog
 15901 | Volcano  | Killed a hell hog
 16001 | Volcano  | Received a gift from Okawaru
 16001 | Volcano  | Reached skill level 1 in Hexes
 16482 | Lair:1   | Reached skill level 10 in Fighting
 16672 | Lair:1   | Reached ****** piety under Okawaru
 16691 | Lair:1   | Reached skill level 5 in Stealth
 16872 | Lair:1   | Received a gift from Okawaru
 17320 | Lair:2   | Found a staircase to the Snake Pit.
 17609 | Lair:2   | Reached XP level 13. HP: 93/93 MP: 15/18
 17699 | Lair:2   | Reached XP level 14. HP: 99/99 MP: 19/19
 17749 | Lair:2   | Got a transparent ring mail
 17760 | Lair:2   | Identified the +0 ring mail of the Comet {rN+ MR+} (You found it on level 2 of the Lair of Beasts)
 18151 | Lair:2   | Found a blossoming altar of Fedhas.
 18969 | Lair:3   | Received a gift from Okawaru
 19241 | Lair:3   | Received a gift from Okawaru
 20608 | Lair:4   | Found a staircase to the Swamp.
 20954 | Lair:5   | Received a gift from Okawaru
 21083 | Lair:5   | Found a staircase to the Slime Pits.
 21531 | Lair:5   | Received a gift from Okawaru
 21588 | Lair:5   | Found a viscous altar of Jiyva.
 21823 | Lair:6   | Entered Level 6 of the Lair of Beasts
 21914 | Lair:6   | Gained mutation: You are clumsy. (Dex -2) [potion of mutation]
 21914 | Lair:6   | Gained mutation: You have supernaturally acute eyesight. (SInv) [potion of mutation]
 21914 | Lair:6   | Gained mutation: You have sharp toenails. [potion of mutation]
 22037 | Lair:6   | Received a gift from Okawaru
 22037 | Lair:6   | Reached skill level 15 in Bows
 22677 | Lair:6   | Got a translucent hunting sling
 22678 | Lair:6   | Identified the +6 hunting sling of Egruo {freeze, rC+ Str+4} (You found it on level 6 of the Lair of Beasts)
 23853 | Orc:1    | Entered Level 1 of the Orcish Mines
 23985 | Orc:1    | Reached XP level 15. HP: 108/108 MP: 21/21
 24177 | Orc:1    | Noticed Josephine
 24197 | Orc:1    | Killed Josephine
 24197 | Orc:1    | Reached skill level 1 in Throwing
 24197 | Orc:1    | Reached skill level 1 in Shields
 24520 | Orc:2    | Entered Level 2 of the Orcish Mines
 24615 | Orc:1    | Reached skill level 1 in Evocations
 24880 | Orc:2    | Found a frozen archway.
 24915 | Orc:2    | Noticed TotoDurand's ghost (journeyman GrFi)
 24923 | IceCv    | Entered an ice cave
 25224 | IceCv    | Received a gift from Okawaru
 25705 | Orc:2    | Found Couheg's Book Emporium.
 25825 | Orc:2    | Noticed Sonja
 25855 | Orc:2    | Killed Sonja
 25893 | Orc:2    | Found a roughly hewn altar of Beogh.
 26223 | Orc:2    | Found a roughly hewn altar of Beogh.
 26608 | Orc:2    | Banished TotoDurand's ghost
 26980 | Orc:2    | Found a staircase to the Elven Halls.
 27030 | Orc:2    | Found Uhaogoniq's Antique Armour Boutique.
 27137 | Orc:2    | Reached skill level 5 in Short Blades
 27651 | Orc:2    | Found Teklaopazu's Food Boutique.
 27659 | Orc:2    | Found Halir Pig's Weapon Shoppe.
 27663 | Orc:2    | Found Ymuily's Antique Armour Shoppe.
 27811 | Orc:2    | Bought an ancient leather armour for 217 gold pieces
 27821 | Orc:2    | Identified the +1 leather armour of Plasticity {MR+} (You bought it in a shop on level 2 of the Orcish Mines)
 30213 | D:14     | Received a gift from Okawaru
 30909 | D:14     | Received a gift from Okawaru
 30946 | D:14     | Found a gate to the Vaults.
 31495 | D:15     | Entered Level 15 of the Dungeon
 31711 | D:15     | Reached XP level 16. HP: 91/117 MP: 22/22
 31816 | D:15     | Received a gift from Okawaru
 32007 | D:15     | Found a staircase to the Depths.
 32011 | D:15     | Reached skill level 10 in Short Blades
 32645 | D:11     | Bought the +2 cloak "Kody" {rC+} for 313 gold pieces
 32930 | Snake:1  | Entered Level 1 of the Snake Pit
 33225 | Snake:1  | HP: 3/117 [naga sharpshooter/bolt (4)]
 33776 | Snake:1  | Found a shimmering altar of Xom.
 35274 | Snake:2  | Identified a scroll of acquirement
 36872 | Snake:3  | Found a deep blue altar of Sif Muna.
 36886 | Snake:3  | Received a gift from Okawaru
 37173 | Snake:3  | Reached skill level 15 in Long Blades
 37201 | Snake:3  | Reached skill level 10 in Armour
 37623 | Snake:3  | Received a gift from Okawaru
 37979 | Snake:4  | Entered Level 4 of the Snake Pit
 37999 | Snake:4  | Reached skill level 10 in Dodging
 38113 | Snake:4  | Noticed Vashnia
 38132 | Snake:3  | Reached XP level 17. HP: 30/125 MP: 19/23
 38439 | Snake:3  | Killed Vashnia
 38439 | Snake:3  | Received a gift from Okawaru
 38496 | Snake:3  | Reached skill level 5 in Shields
 38674 | Snake:3  | Received a gift from Okawaru
 39585 | Snake:4  | Received a gift from Okawaru
 40101 | Snake:4  | Received a gift from Okawaru
 40444 | Snake:4  | Received a gift from Okawaru
 40757 | Snake:4  | Reached skill level 15 in Fighting
 40774 | Snake:4  | Reached skill level 5 in Invocations
 41043 | Snake:4  | Received a gift from Okawaru
 41584 | Snake:4  | Received a gift from Okawaru
 41909 | Snake:4  | Got a serpentine rune of Zot
 42043 | Snake:4  | Received a gift from Okawaru
 42507 | Swamp:1  | Entered Level 1 of the Swamp
 43019 | Swamp:1  | Found a shattered altar of Ashenzari.
 43130 | Swamp:1  | Reached XP level 18. HP: 66/134 MP: 22/24
 43527 | Swamp:1  | Noticed Donald
 43547 | Swamp:1  | Killed Donald
 44629 | Swamp:2  | Found a bloodstained altar of Trog.
 45341 | Swamp:2  | HP: 4/135 [eight-headed hydra[a spriggan druid] (9)]
 45342 | Swamp:2  | Mangled by an eight-headed hydra

Skill      XL: |  1  2  3  4  5  6  7  8  9 10 11 12 13 14 15 16 17 18 |
---------------+-------------------------------------------------------+-----
Bows           | 6 7 8 10 11 13 14 15 16 | 16.1
Short Blades   | 1 2 3 9 11 12 | 12.0
Armour         | 1 2 3 4 6 7 8 10 11 | 11.4
Fighting       | 3 4 5 6 7 9 10 12 13 14 15 | 15.6
Dodging        | 3 4 5 6 8 9 10 | 10.7
Stealth        | 2 3 4 5 7 8 |  8.3
Long Blades    | 3 4 6 8 10 13 14 15 16 | 16.3
Ice Magic      | 1 3 |  3.3
Invocations    | 2 3 4 5 |  5.3
Spellcasting   | 1 2 3 |  3.7
Hexes          | 2 |  2.8
Charms         | 2 |  2.2
Air Magic      | 2 |  2.2
Throwing       | 1 3 |  3.3
Shields        | 2 4 6 |  6.5
Evocations     | 1 |  1.8

Action                   |  1- 3 |  4- 6 |  7- 9 | 10-12 | 13-15 | 16-18 || total
-------------------------+-------+-------+-------+-------+-------+-------++-------
Melee: Short sword       |    51 |    37 |       |       |       |       ||    88
       Rapier            |       |   121 |       |       |   912 |   598 ||  1631
       Long sword        |       |    20 |   239 |   744 |   862 |  1449 ||  3314
       Falchion          |       |       |       |    13 |    75 |       ||    88
       Punch             |       |       |       |     3 |     6 |     2 ||    11
       Great sword       |       |       |       |     2 |       |       ||     2
 Fire: Shortbow          |    53 |    92 |   218 |   316 |   526 |   197 ||  1402
Throw: Tomahawk          |       |     2 |     4 |     1 |    10 |    47 ||    64
 Cast: Ensorcelled Hiber |       |       |     3 |    11 |     3 |       ||    17
Invok: Heroism           |       |       |       |    24 |    17 |    19 ||    60
       Finesse           |       |       |       |     1 |     1 |     4 ||     6
Evoke: Rod               |       |       |       |     2 |     2 |     2 ||     6
       Wand              |       |       |       |       |     2 |    10 ||    12
  Use: Scroll            |       |       |    14 |    10 |    22 |    16 ||    62
       Potion            |       |       |     9 |     7 |     5 |    15 ||    36
 Stab: Distracted        |       |     1 |       |     2 |     7 |     4 ||    14
       Sleeping          |       |     1 |     3 |    14 |    26 |     3 ||    47
       Invisible         |       |       |       |       |     1 |       ||     1
       Petrified         |       |       |       |       |     3 |       ||     3
  Eat: Chunk             |       |    12 |    12 |    28 |    45 |    22 ||   119
       Pizza             |       |     1 |       |     1 |       |     7 ||     9
       Fruit             |       |       |     1 |       |       |       ||     1
       Royal jelly       |       |       |       |     1 |     1 |     5 ||     7
       Beef jerky        |       |       |       |     1 |     3 |     1 ||     5
Armor: Ring mail         |    39 |    75 |    95 |    97 |   646 |    26 ||   978
       Leather armour    |       |       |    13 |    10 |       |       ||    23
       Chain mail        |       |       |       |   280 |       |   635 ||   915
       Scale mail        |       |       |       |    10 |       |       ||    10
Dodge: Dodged            |    56 |   119 |   165 |   407 |   949 |   641 ||  2337
Block: Other             |       |     2 |    17 |       |       |       ||    19
       Reflection        |       |       |     1 |       |       |       ||     1
       Shield            |       |       |       |       |    88 |    30 ||   118
       Buckler           |       |       |       |       |       |   416 ||   416
       Rpst.: Long sword |       |     2 |    46 |   100 |    94 |    78 ||   320
       Falchion          |       |       |       |     4 |     6 |       ||    10
       Great sword       |       |       |       |     3 |       |       ||     3
